 Dungeon Crawl Stone Soup version 0.26-a0-784-g51bffae0b1 (webtiles) character file.

Game seed: 11890269569706971990

31074 Delamore the Bludgeoner (level 13, -7/86 HPs)
             Began as a Gargoyle Fighter on Nov 10, 2020.
             Was the Champion of Okawaru.
             Mangled by a death yak (19 damage)
             ... on level 4 of the Lair of Beasts.
             The game lasted 00:13:12 (17157 turns).

Delamore the Bludgeoner (Gargoyle Fighter)         Turns: 17157, Time: 00:13:12

Health: -7/86      AC: 23    Str: 28    XL:     13   Next: 55%
Magic:  13/13      EV:  8    Int: 14    God:    Okawaru [******]
Gold:   1004       SH: 13    Dex:  9    Spells: 12/12 levels left

rFire    + . .     SeeInvis .   L - +9 morningstar of the Seven Eyes {drain, Int+5}
rCold    + + .     Faith    +   c - +0 kite shield
rNeg     + . .     Spirit   .   u - +0 chain mail
rPois    ∞         Reflect  .   b - +0 hat
rElec    +         Harm     .   q - +0 cloak
rCorr    .         Rampage  .   I - +2 pair of gloves {Str+3}
MR       .....                  (no boots)
Stlth    ..........             P - amulet of faith
HPRegen  0.24/turn              K - ring "Xyuf" {rF+ rC+ Slay+4}
MPRegen  0.13/turn              A - ring of protection from cold

@: brilliant, attractive
A: negative energy resistance 1, electricity resistance, unbreathing,
petrification resistance, rot immunity, AC +9
a: Heroism, Finesse, Renounce Religion


You were on level 4 of the Lair of Beasts.
You worshipped Okawaru.
Okawaru was exalted by your worship.
You visited 4 branches of the dungeon, and saw 16 of its levels.

You collected 1004 gold pieces.

Inventory:

Hand Weapons
 z - a +5 morningstar of freezing
 L - the +9 morningstar of the Seven Eyes (weapon) {drain, Int+5}
   (Okawaru gifted it to you on level 3 of the Lair of Beasts)

   A truly terrible weapon, it drains the life of those it strikes.
   It affects your intelligence (+5).
Missiles
 v - a throwing net (quivered)
Armour
 b - a +0 hat (worn)
 c - a +0 kite shield (worn)
 q - a +0 cloak (worn)
 u - a +0 chain mail (worn)
 I - a +2 pair of gloves of strength (worn)
Jewellery
 A - a ring of protection from cold (right hand)
 B - an uncursed ring of fire
 E - a +4 ring of protection
 K - the ring "Xyuf" (left hand) {rF+ rC+ Slay+4}
   (You acquired it on level 4 of the Lair of Beasts)

   [ring of slaying]

   It affects your accuracy and damage with ranged weapons and melee attacks
   (+4).
   It protects you from fire.
   It protects you from cold.
 M - an uncursed amulet of regeneration
 P - an amulet of faith (around neck)
Wands
 r - a wand of random effects (15)
 y - a wand of flame (11)
 D - a wand of disintegration (7)
 F - a wand of enslavement (7)
 G - a wand of acid (9)
Scrolls
 a - a scroll of identify
 e - 4 scrolls of teleportation
 g - 3 scrolls of amnesia
 i - 8 scrolls of remove curse
 j - 3 scrolls of magic mapping
 k - a scroll of brand weapon
 l - 4 scrolls of fog
 m - 2 scrolls of immolation
 o - a scroll of blinking
 x - 2 scrolls of random uselessness {unknown}
 C - 2 scrolls of enchant armour
 N - a scroll of noise {unknown}
 R - 3 scrolls of fear {unknown}
Potions
 d - 2 potions of might
 f - 6 potions of degeneration
 h - 8 potions of curing
 n - a potion of attraction
 p - a potion of cancellation {unknown}
 s - a potion of brilliance
 t - 5 potions of mutation
 w - a potion of ambrosia {unknown}
 H - 4 potions of heal wounds {unknown}
 J - a potion of resistance {unknown}
 O - a potion of invisibility
 Q - a potion of berserk rage {unknown}


   Skills:
 + Level 12.3 Fighting
 - Level 16.0 Maces & Flails
 - Level 3.2 Armour
 + Level 12.2 Shields


You had 12 spell levels left.
You didn't know any spells.
Your spell library contained the following spells:

 Spells                   Type           Power        Failure   Level
 Animate Skeleton         Necr           #.....       93%         1
 Apportation              Tloc           #.....       93%         1
 Corona                   Hex            #......      93%         1
 Sting                    Tmut/Pois      #...         93%         1
 Summon Small Mammal      Summ           #...         93%         1
 Poisonous Vapours        Pois/Air       #.....       98%         2
 Ignite Poison            Fire/Tmut/Pois #.......     100%        3
 Mephitic Cloud           Conj/Pois/Air  #.......     100%        3
 Olgreb's Toxic Radiance  Pois           #.......     100%        4


Dungeon Overview and Level Annotations

Branches:
Dungeon (9/15)             Temple (1/1) D:5            Lair (5/6) D:9
  Swamp (0/4) Lair:4        Snake (1/4) Lair:3          Orc (0/2) D:9
  Slime: Lair:5-6

Altars:
Ashenzari
Cheibriados
Dithmenos
Elyvilon
Fedhas
Gozag
Hepliaklqana
Kikubaaqudgha
Makhleb
Nemelex Xobeh
Okawaru
Ru
Sif Muna
Trog
Uskayaw
Vehumet
Wu Jian
Xom
Yredelemnul
Zin
The Shining One

Shops:
D:7 (

Annotations:
D:8 2 transporters, Forecaster's ghost, novice NaVM


Innate Abilities, Weirdness & Mutations

You are resistant to torment.
Your stone body is resilient. (AC +9)
You are immune to poison.
You resist negative energy. (rN+)
You are resistant to electric shocks. (rElec)
You can survive without breathing.
You are immune to petrification.
You are immune to rotting.


Message History

The boulder beetle curls into a ball and begins rolling!
There is a stone staircase leading up here.
A nearby plant withers and dies.
The death yak gores you!!
* * * LOW HITPOINT WARNING * * *
The five-headed hydra bites you but does no damage. x2
You block the five-headed hydra's attack.
The five-headed hydra bites you but does no damage. x2
You climb upwards.
There is a stone staircase leading down here.
It was a potion of attraction.
You feel attractive to monsters. You block the death yak's attack.
The five-headed hydra closely misses you.
The five-headed hydra bites you but does no damage. x2
You block the five-headed hydra's attack.
The five-headed hydra bites you but does no damage.
It was a potion of brilliance.
You feel clever all of a sudden. The death yak gores you!!
You die...

............#...................†
............P....................
##...............................
##...)...........................
###...#.##..................##..#
..............#...#......########
..............#..........#
........[.......Y#..#....#
...............D@........#
...................#.....#
..............P..P###...##
..............#..###P...##
..................###[...#
.................P##.....#
..................##.....#
.................####...##### ###
.................## #...###.###.#


You could see a death yak and a five-headed hydra.

Vanquished Creatures
  Gastronok (D:8)
  Kirke (Lair:4)
  A fire dragon (Lair:1)
  2 hydras
  A catoblepas (Lair:2)
  A death yak (Lair:5)
  Urug (Lair:3)
  Pikel (D:8)
  6 elephants (Lair:3)
  4 black mambas
  7 cane toads
  2 rime drakes
  9 komodo dragons
  A polar bear (Lair:5)
  A tyrant leech (Lair:4)
  Grinder (D:3)
  4 blink frogs (Lair:2)
  Sigmund (D:6)
  4 wyverns
  29 yaks
  Grum (D:8)
  5 basilisks
  A steam dragon (Lair:3)
  Menkaure (D:6)
  4 nagas
  A swamp worm (Lair:4)
  9 water moccasins
  3 orc warriors
  2 ice beasts
  5 sky beasts
  3 phantoms
  3 ogres
  38 wolves
  2 lemures (D:8)
  2 centaurs
  A big kobold (D:6)
  12 bullfrogs
  2 scorpions
  9 killer bees
  3 wights (D:8)
  A howler monkey (D:4)
  2 quasits
  5 hounds
  2 orc priests
  Crazy Yiuf (D:2)
  9 orc wizards
  An iguana (D:5)
  Natasha (thrice) (D:4)
  3 worker ants
  A killer bee zombie (D:8)
  A hound skeleton (D:9)
  A gnoll (D:3)
  10 adders
  A howler monkey skeleton (D:7)
  A white imp (D:6)
  2 ufetubi (D:5)
  2 oozes
  2 adder zombies
  An adder skeleton (D:4)
  4 worms
  4 dart slugs
  9 leopard geckos
  30 orcs
  7 bats
  6 giant cockroaches
  13 goblins
  13 hobgoblins
  12 jackals
  13 kobolds
  2 quokkas
  3 ball pythons
  4 frilled lizards
  A leopard gecko skeleton (D:4)
  10 rats
365 creatures vanquished.

Vanquished Creatures (others)
  16 fungi
  18 plants
34 creatures vanquished.

Grand Total: 399 creatures vanquished

Notes
Turn   | Place    | Note
-------+----------+-------------------------------------------
     0 | D:1      | Delamore the Gargoyle Fighter began the quest for the Orb.
     0 | D:1      | Reached XP level 1. HP: 14/14 MP: 1/1
    62 | D:1      | Reached XP level 2. HP: 17/19 MP: 2/2
   412 | D:1      | Reached XP level 3. HP: 24/24 MP: 3/3
   838 | D:2      | Found a runed translucent door.
   839 | D:2      | Noticed Crazy Yiuf
   959 | D:2      | Reached XP level 4. HP: 27/29 MP: 4/4
  1105 | D:2      | Reached skill level 3 in Maces & Flails
  1460 | D:2      | Reached XP level 5. HP: 34/34 MP: 5/5
  1807 | D:2      | Killed Crazy Yiuf
  2445 | D:3      | Reached XP level 6. HP: 38/40 MP: 6/6
  2726 | D:3      | Reached skill level 5 in Fighting
  2779 | D:3      | Reached skill level 5 in Shields
  2875 | D:3      | Noticed Grinder
  2887 | D:3      | Killed Grinder
  2887 | D:3      | Reached skill level 5 in Maces & Flails
  2887 | D:3      | Reached XP level 7. HP: 38/44 MP: 7/7
  3242 | D:4      | Reached skill level 6 in Maces & Flails
  3727 | D:4      | Noticed Natasha
  3741 | D:4      | Killed Natasha
  3819 | D:4      | Noticed Natasha
  3828 | D:4      | Killed Natasha
  3828 | D:4      | Reached skill level 7 in Maces & Flails
  3924 | D:4      | Noticed Natasha
  3934 | D:4      | Killed Natasha
  4183 | D:5      | Entered Level 5 of the Dungeon
  4295 | D:5      | Found a staircase to the Ecumenical Temple.
  4304 | Temple   | Entered the Ecumenical Temple
  4541 | Temple   | Became a worshipper of Warmaster Okawaru
  4731 | D:5      | Found a sparkling altar of Nemelex Xobeh.
  4811 | D:5      | Reached XP level 8. HP: 43/49 MP: 8/8
  5271 | D:5      | Reached skill level 8 in Maces & Flails
  6075 | D:5      | Reached skill level 9 in Maces & Flails
  6350 | D:6      | Reached * piety under Okawaru
  6364 | D:6      | Noticed Sigmund
  6876 | D:5      | Reached skill level 10 in Maces & Flails
  7014 | D:6      | Killed Sigmund
  7014 | D:6      | Reached XP level 9. HP: 43/54 MP: 9/9
  7195 | D:6      | Found a shadowy altar of Dithmenos.
  7959 | D:7      | Noticed Menkaure
  8005 | D:6      | Reached skill level 11 in Maces & Flails
  8581 | D:6      | Killed Menkaure
  8788 | D:7      | Reached ** piety under Okawaru
  8835 | D:7      | Reached skill level 12 in Maces & Flails
  9140 | D:7      | Found Xubiruow's Antique Weapon Shoppe.
  9348 | D:8      | Noticed Forecaster's ghost (novice NaVM)
  9349 | D:8      | Found a transporter.
  9351 | D:8      | Noticed a deep elf knight
  9361 | D:8      | Found a transporter.
  9665 | D:8      | Reached XP level 10. HP: 52/59 MP: 10/10
  9769 | D:8      | Noticed Gastronok
 10201 | D:8      | Reached skill level 13 in Maces & Flails
 10230 | D:8      | Noticed Grum
 10246 | D:8      | Killed Grum
 10529 | D:8      | Noticed Pikel
 10539 | D:8      | Killed Pikel
 10539 | D:8      | Reached *** piety under Okawaru
 10849 | D:8      | Killed Gastronok
 10849 | D:8      | Reached skill level 14 in Maces & Flails
 10933 | D:9      | Found a staircase to the Lair.
 10942 | D:9      | Reached **** piety under Okawaru
 11190 | D:9      | Found a staircase to the Orcish Mines.
 11509 | Lair:1   | Entered Level 1 of the Lair of Beasts
 11515 | Lair:1   | Reached XP level 11. HP: 59/63 MP: 11/11
 11580 | Lair:1   | Reached skill level 15 in Maces & Flails
 11758 | Lair:1   | Noticed a fire dragon
 11777 | Lair:1   | Killed a fire dragon
 12256 | Lair:1   | Reached ***** piety under Okawaru
 12572 | Lair:1   | Reached skill level 16 in Maces & Flails
 12958 | Lair:2   | Received a gift from Okawaru
 13202 | Lair:2   | Noticed a catoblepas
 13217 | Lair:2   | Killed a catoblepas
 13438 | Lair:2   | Reached XP level 12. HP: 60/72 MP: 12/12
 14518 | Lair:2   | Noticed a six-headed hydra
 14522 | Lair:2   | Killed a six-headed hydra
 15151 | Lair:3   | Received a gift from Okawaru
 15159 | Lair:3   | Reached skill level 10 in Fighting
 15159 | Lair:3   | Reached skill level 10 in Shields
 15184 | Lair:3   | Reached ****** piety under Okawaru
 15191 | Lair:3   | Got a shimmering morningstar {god gift}
 15192 | Lair:3   | Identified the +9 morningstar of the Seven Eyes {drain,
                  | Int+5} (Okawaru gifted it to you on level 3 of the Lair of
                  | Beasts)
 15412 | Lair:3   | Noticed Urug
 15420 | Lair:3   | Killed Urug
 15615 | Lair:3   | Reached XP level 13. HP: 76/84 MP: 13/13
 15703 | Lair:3   | Found a staircase to the Snake Pit.
 15922 | Snake:1  | Entered Level 1 of the Snake Pit
 15925 | Snake:1  | Received a gift from Okawaru
 15926 | Snake:1  | Got a pair of smoking gloves {god gift}
 15945 | Lair:3   | Identified the +2 pair of gloves of Mezcal {Harm *Corrode
                  | rF+++ Int-3} (Okawaru gifted it to you on level 1 of the
                  | Snake Pit)
 16059 | Lair:4   | Identified a scroll of acquirement
 16060 | Lair:4   | Acquired the ring "Xyuf" {rF+ rC+ Slay+4}
 16227 | Lair:4   | Noticed Kirke
 16238 | Lair:4   | Killed Kirke
 16316 | Lair:4   | You fall into a shaft and drop 1 floor!
 16716 | Lair:4   | Found a staircase to the Swamp.
 17118 | Lair:5   | Received a gift from Okawaru
 17157 | Lair:4   | Mangled by a death yak

Illustrated notes

Levels and vault maps discovered:
D:1:      moated_graveyard_arrival, layout_basic
D:2:      layout_loops_ring, dk_noncrumbling_4, kennysheep_potato,
          uniq_crazy_yiuf_cottage
D:3:      layout_basic, minmay_cupped, uniq_grinder
D:4:      layout_basic, uniq_natasha
D:5:      layout_loops_cross, temple_hall, nemelex_xobeh_ov_fountains_minmay
D:6:      layout_loops_corners, grunt_dithmenos_smoke_and_mirrors, uniq_sigmund
D:7:      layout_rooms, serial_shops, kennysheep_mini_moat, serial_glass,
          glass_columns_a, glass_columns_a, minmay_strange_pillars,
          feat_on_display, uniq_menkaure
D:8:      layout_basic, gammafunk_ghost_arena, uniq_grum, uniq_gastronok,
          uniq_pikel
D:9:      layout_loops_ring, nicolae_overflow_hidden_temple, lair_entry_dummy,
          orc_0_dummy, minivault_4
Temple:   regret_index_temple_sigil_plot
Lair:1:   dragon1_lemuel, layout_regular_city
Lair:2:   layout_layer_cave, grunt_megastairs_5
Lair:3:   layout_loops_ring, guppyfry_snake_entry_garden, uniq_urug
Lair:4:   layout_gridlike, minmay_swamp_entry_worms, uniq_kirke
Lair:5:   layout_regular_city, minmay_lair_oklob_chamber
Snake:1:  layout_misc_corridors, grunt_ministairs_12

Skill      XL: |  1  2  3  4  5  6  7  8  9 10 11 12 13 |
---------------+----------------------------------------+-----
Fighting       | 4 5 7 10 12 | 12.3
Shields        | 4 5 7 10 12 | 12.2
Maces & Flails | 3 5 7 10 12 14 16 | 16.0
Armour         | |  3.2

Action                   |  1- 3 |  4- 6 |  7- 9 | 10-12 | 13-15 || total
-------------------------+-------+-------+-------+-------+-------++-------
Melee: Flail             |   155 |   233 |   417 |    19 |       ||   824
       Mace              |       |       |   235 |       |       ||   235
       Morningstar       |       |       |       |   503 |   146 ||   649
Invok: Heroism           |       |       |       |     1 |       ||     1
  Use: Scroll            |       |       |    11 |     1 |     2 ||    14
       Potion            |       |       |     2 |       |     2 ||     4
 Stab: Invisible         |       |       |     2 |       |       ||     2
Armor: Scale mail        |   105 |   111 |    66 |       |       ||   282
       Chain mail        |       |       |   415 |   311 |    83 ||   809
       Skin              |       |       |     5 |       |       ||     5
Dodge: Dodged            |    57 |    74 |   185 |   128 |    39 ||   483
Block: Kite shield       |   112 |   109 |   372 |   306 |    95 ||   994

Table legend: (Time is in decaauts)
 A = Elapsed time spent in this place.
 B = Non-inter-level travel time spent in this place.
 C = Inter-level travel time spent in this place.
 D = Time resting spent in this place.
 E = Time spent auto-exploring this place.
 F = Levels seen in this place.
 G = Mean time per level.
                   A        B        C        D        E       F      G
               +--------+--------+--------+--------+--------+-----+--------+
         Total |  17146 |  16743 |    403 |   3163 |  10701 |  16 | 1071.6 |
       Dungeon |  11384 |  11094 |    290 |   2541 |   6452 |   9 | 1264.9 |
        Temple |    252 |    233 |     19 |      0 |    231 |   1 |  252.0 |
          Lair |   5504 |   5410 |     94 |    622 |   4018 |   5 | 1100.8 |
     Snake Pit |      4 |      4 |      0 |      0 |      0 |   1 |    4.0 |
               +--------+--------+--------+--------+--------+-----+--------+

Top non-repeatable levels by time:
     D:5: 2250 daAuts
  Lair:2: 2014 daAuts
     D:6: 1766 daAuts
     D:8: 1539 daAuts
     D:2: 1339 daAuts
  Lair:1: 1332 daAuts
     D:4: 1287 daAuts
     D:3: 1061 daAuts
  Lair:3: 1003 daAuts
  Lair:4: 913 daAuts
     D:1: 845 daAuts
     D:7: 690 daAuts
     D:9: 604 daAuts
  Temple: 252 daAuts
  Lair:5: 241 daAuts
